Map: [ESL] Oceanborn

Players

herO - Winner!

  • Race: Protoss Protoss
  • Spawn Location: 11:00

MaNa

  • Race: Protoss Protoss
  • Spawn Location: 5:00

Event: ESL SC2 Masters 2023 Winter (Finals)

VOD

Have the link to the VOD?

Description

Time

  • Played on: Dec. 15, 2023, 10:53 a.m.
  • Length: 7:29

All games in this series

Show
View Real Time Build Order
Export as new Build Order

herO Protoss - Winner!

Build Orders:  

Get SALT Encoding   

  12  0:00  Probe  
  13  0:12  Probe  
  14  0:17  Pylon  
  14  0:24  Probe (Chrono Boost)  
  16  0:36  Gateway, Probe (Chrono Boost)  
  16  0:43  Probe (Chrono Boost)  
  16  0:48  Assimilator  
  17  0:50  Probe  
  18  1:01  Assimilator  
  18  1:03  Probe (Chrono Boost)  
  19  1:07  Gateway  
  19  1:13  Probe (Chrono Boost)  
  19  1:18  Probe (Chrono Boost)  
  20  1:23  Cybernetics Core  
  21  1:29  Probe  
  22  1:35  Pylon  
  22  1:41  Probe  
  23  1:53  Probe  
  24  1:57  Warp Gate (Chrono Boost)  
  24  1:59  Adept, Stalker  
  28  2:08  Pylon  
  28  2:12  Shield Battery  
  28  2:29  Stalker x2  
  32  2:35  Robotics Facility  
  32  2:43  Gateway  
  31  2:59  Stalker x2  
  35  3:07  Pylon  
  35  3:18  Warp Prism (Chrono Boost)  
  35  3:37  Stalker  
  35  3:38  Stalker  
  39  3:43  Pylon  
  39  3:48  Observer  
  40  3:53  Stalker  
  42  4:17  Stalker x3  
  48  4:43  Adept x3  
  54  4:46  Pylon  
  52  5:07  Immortal (Chrono Boost)  
  56  5:16  Pylon  
  56  5:17  Pylon  
  56  5:34  Adept x3  
  56  5:38  Observer  
  52  5:47  Immortal (Chrono Boost)  
  56  5:56  Pylon  
  56  6:04  Sentry x2  
  60  6:06  Sentry  
  62  6:15  Observer  
  62  6:33  Nexus  
  62  6:46  Immortal (Chrono Boost)  
  66  6:57  Pylon  
  64  7:10  Stalker  
  62  7:22  Stalker x2  
Show
View Real Time Build Order
Export as new Build Order

MaNa Protoss 

Build Orders:  

Get SALT Encoding   

  12  0:00  Probe  
  13  0:12  Probe  
  14  0:17  Pylon  
  14  0:24  Probe (Chrono Boost)  
  15  0:36  Gateway, Probe (Chrono Boost)  
  16  0:44  Probe (Chrono Boost)  
  16  0:46  Assimilator  
  17  0:51  Probe  
  18  1:03  Probe (Chrono Boost)  
  19  1:04  Assimilator  
  19  1:12  Gateway, Probe (Chrono Boost)  
  19  1:17  Probe (Chrono Boost)  
  20  1:26  Cybernetics Core  
  20  1:29  Probe  
  21  1:36  Pylon  
  21  1:41  Probe  
  22  1:53  Probe  
  23  2:02  Adept x2  
  23  2:03  Warp Gate  
  23  2:05  Probe  
  28  2:10  Pylon  
  28  2:18  Probe  
  29  2:24  Shield Battery  
  29  2:30  Probe  
  29  2:42  Stalker, Probe  
  29  2:43  Stalker  
  34  3:04  Nexus  
  34  3:07  Probe  
  35  3:17  Sentry  
  35  3:19  Probe  
  38  3:22  Pylon  
  38  3:31  Probe (Chrono Boost)  
  37  3:38  Twilight Council  
  37  3:43  Probe (Chrono Boost)  
  38  3:51  Stalker  
  38  3:52  Stalker  
  38  3:54  Robotics Facility, Probe (Chrono Boost)  
  43  4:02  Shield Battery  
  43  4:05  Shield Battery  
  43  4:11  Pylon  
  43  4:22  Gateway  
  43  4:30  Stalker x2  
  45  4:42  Pylon  
  45  4:54  Immortal (Chrono Boost)  
  45  4:55  Stalker  
  40  5:07  Probe  
  38  5:16  Sentry  
  38  5:18  Adept  
  42  5:26  Probe  
  39  5:44  Pylon  
  39  5:51  Pylon  
  39  5:56  Pylon  
  39  5:59  Immortal (Chrono Boost)  
  39  6:02  Probe  
  44  6:14  Probe  
  41  6:28  Warp Prism (Chrono Boost)  
  41  6:30  Sentry  
  41  6:31  Sentry  
  47  6:34  Probe  
  48  6:46  Probe  
  49  6:55  Adept x2  
  49  7:00  Probe  
Tags
 
Add a new tag
Caveats
  • Supply blocks, unpowered buildings, or Contaminate may cause inaccurate times.
  • Supply counts are checked every 10 seconds.